3L
SEATTLE AVIATORS @ PHILADELPHIA 1776 BC
08/23/2024
 
TOP OF THE 1ST
Seattle Aviators batting - Pitching for Philadelphia 1776 BC : RHP Pedro Rodríguez
Pitching: RHP Pedro Rodríguez
Batting: RHB Tynan Hawkins 0-0: Foul Ball, location: 2F
0-1: Foul Ball, location: 2F
0-2: Ball
1-2: Foul Ball, location: 2F
1-2: Strikes out swinging
Batting: LHB Jorge Mojica 0-0: Called Strike
0-1: Foul Ball, location: 2F
0-2: Ball
1-2: Ball
2-2: Foul Ball, location: 2F
2-2: Foul Ball, location: 2F
2-2: Ball
3-2: SINGLE (Line Drive, 4M)
Batting: RHB Tanyu Kimura 0-0: Ball
1-0: Ball
2-0: Ball
3-0: Called Strike
3-1: Fly out, F8 (Flyball, 8LD)
Batting: LHB Kenny Webster 0-0: Called Strike
0-1: Foul Ball, location: 2F
0-2: Fielders Choice at 2nd, U6 (Groundball, 6M)
Top of the 1st over - 0 run(s), 1 hit(s), 0 error(s), 1 left on base; Seattle 0 - Philadelphia 1776 0
BOTTOM OF THE 1ST
Philadelphia 1776 BC batting - Pitching for Seattle Aviators : RHP Eduardo Molina
Pitching: RHP Eduardo Molina
Batting: RHB Jesús Orozco 0-0: Bunt for hit - play at first, batter OUT! 1-3
Batting: RHB António Granados 0-0: Foul Ball, location: 2F
0-1: Fly out, F7 (Flyball, 7M)
Batting: LHB Héctor Torres 0-0: Ball
1-0: Called Strike
1-1: Ground out 4-3 (Groundball, 4M)
Bottom of the 1st over - 0 run(s), 0 hit(s), 0 error(s), 0 left on base; Seattle 0 - Philadelphia 1776 0
TOP OF THE 2ND
Seattle Aviators batting - Pitching for Philadelphia 1776 BC : RHP Pedro Rodríguez
Batting: RHB Sean Davis 0-0: Ball
1-0: Called Strike
1-1: Foul Ball, location: 2F
1-2: Strikes out swinging
Batting: LHB Brad Lawrence 0-0: Called Strike
0-1: Ball
1-1: Ball
2-1: Swinging Strike
2-2: Strikes out swinging
Batting: RHB Vernon Caw 0-0: Ball
1-0: Ball
2-0: Ground out 5-3 (Groundball, 56)
Top of the 2nd over - 0 run(s), 0 hit(s), 0 error(s), 0 left on base; Seattle 0 - Philadelphia 1776 0
BOTTOM OF THE 2ND
Philadelphia 1776 BC batting - Pitching for Seattle Aviators : RHP Eduardo Molina
Batting: RHB Jesús Rodríguez 0-0: Called Strike
0-1: Ball
1-1: Swinging Strike
1-2: Strikes out looking
Batting: LHB Phil Ritchie 0-0: Swinging Strike
0-1: Ground out 6-3 (Groundball, 6)
Batting: RHB Patrizio Vanali 0-0: Called Strike
0-1: Ground out 5-3 (Groundball, 56)
Bottom of the 2nd over - 0 run(s), 0 hit(s), 0 error(s), 0 left on base; Seattle 0 - Philadelphia 1776 0
TOP OF THE 3RD
Seattle Aviators batting - Pitching for Philadelphia 1776 BC : RHP Pedro Rodríguez
Batting: RHB Brian Williams 0-0: Called Strike
0-1: Foul Ball, location: 2F
0-2: Ball
1-2: Ball
2-2: Ball
3-2: Fly out, F9 (Flyball, 9LMF)
Batting: RHB Kenzaburo Hori 0-0: Ball
1-0: Called Strike
1-1: Ball
2-1: Ball
3-1: Base on Balls
Batting: RHB Tynan Hawkins 0-0: Ball
1-0: Called Strike
1-1: Ball
2-1: Called Strike
2-2: Foul Ball, location: 2F
2-2: Foul Ball, location: 2F
2-2: 2-RUN HOME RUN (Flyball, 8RXD), Distance : 434 ft
Batting: LHB Jorge Mojica 0-0: Ball
1-0: Called Strike
1-1: Ball
2-1: Ground out 3-1 (Groundball, 34S)
Batting: RHB Tanyu Kimura 0-0: Called Strike
0-1: Called Strike
0-2: Strikes out swinging
Top of the 3rd over - 2 run(s), 1 hit(s), 0 error(s), 0 left on base; Seattle 2 - Philadelphia 1776 0
BOTTOM OF THE 3RD
Philadelphia 1776 BC batting - Pitching for Seattle Aviators : RHP Eduardo Molina
Batting: RHB Russell Jackson 0-0: Fly out, F9 (Line Drive, 9M)
Batting: SHB Jesús Cabañe 0-0: Ball
1-0: Swinging Strike
1-1: Ball
2-1: Called Strike
2-2: Strikes out swinging
Batting: RHB Dave Morris 0-0: Called Strike
0-1: Called Strike
0-2: Strikes out looking
Bottom of the 3rd over - 0 run(s), 0 hit(s), 0 error(s), 0 left on base; Seattle 2 - Philadelphia 1776 0
TOP OF THE 4TH
Seattle Aviators batting - Pitching for Philadelphia 1776 BC : RHP Pedro Rodríguez
Batting: LHB Kenny Webster 0-0: Called Strike
0-1: Ball
1-1: Foul Ball, location: 2F
1-2: Foul Ball, location: 2F
1-2: Fly out, F3 (Popup, 3DF)
Batting: RHB Sean Davis 0-0: Ball
1-0: Ball
2-0: Swinging Strike
2-1: Called Strike
2-2: Foul Ball, location: 2F
2-2: Foul Ball, location: 2F
2-2: Strikes out swinging
Batting: LHB Brad Lawrence 0-0: Ball
1-0: Foul Ball, location: 2F
1-1: Ball
2-1: Foul Ball, location: 2F
2-2: Foul Ball, location: 2F
2-2: Strikes out swinging
Top of the 4th over - 0 run(s), 0 hit(s), 0 error(s), 0 left on base; Seattle 2 - Philadelphia 1776 0
BOTTOM OF THE 4TH
Philadelphia 1776 BC batting - Pitching for Seattle Aviators : RHP Eduardo Molina
Batting: RHB Jesús Orozco 0-0: Ground out 4-3 (Groundball, 4)
Batting: RHB António Granados 0-0: Called Strike
0-1: Foul Ball, location: 2F
0-2: Ball
1-2: SINGLE (Groundball, 3L)
Batting: LHB Héctor Torres 0-0: Foul Ball, location: 2F
0-1: Foul Ball, location: 2F
0-2: Ball
1-2: Fly out, F9 (Flyball, 9M)
Batting: RHB Jesús Rodríguez 0-0: Ball
1-0: Ground out 5-3 (Groundball, 56)
Bottom of the 4th over - 0 run(s), 1 hit(s), 0 error(s), 1 left on base; Seattle 2 - Philadelphia 1776 0
TOP OF THE 5TH
Seattle Aviators batting - Pitching for Philadelphia 1776 BC : RHP Pedro Rodríguez
Batting: RHB Vernon Caw 0-0: Ball
1-0: Swinging Strike
1-1: Foul Ball, location: 2F
1-2: Ball
2-2: Foul Ball, location: 2F
2-2: Strikes out looking
Batting: RHB Brian Williams 0-0: Ball
1-0: Foul Ball, location: 2F
1-1: Ball
2-1: Called Strike
2-2: Strikes out swinging
Batting: RHB Kenzaburo Hori 0-0: Called Strike
0-1: Ball
1-1: Ball
2-1: Swinging Strike
2-2: Ball
3-2: SINGLE (Line Drive, 89S)
Pitching: RHP Brian Wheeler
Batting: RHB Tynan Hawkins 0-0: Ball
1-0: Ground out 6-3 (Groundball, 6)
Top of the 5th over - 0 run(s), 1 hit(s), 0 error(s), 1 left on base; Seattle 2 - Philadelphia 1776 0
BOTTOM OF THE 5TH
Philadelphia 1776 BC batting - Pitching for Seattle Aviators : RHP Eduardo Molina
Batting: LHB Phil Ritchie 0-0: SINGLE (Flyball, 78S)
Batting: RHB Patrizio Vanali 0-0: Called Strike
0-1: Ball
1-1: Ball
2-1: Ball
3-1: Bunted foul
3-2: Ground out 6-3 (Groundball, 6)
Phil Ritchie to second
Batting: RHB Russell Jackson 0-0: Fly out, F8 (Popup, 8RS)
Batting: SHB Jesús Cabañe 0-0: Called Strike
0-1: Called Strike
0-2: Strikes out swinging
Bottom of the 5th over - 0 run(s), 1 hit(s), 0 error(s), 1 left on base; Seattle 2 - Philadelphia 1776 0
TOP OF THE 6TH
Seattle Aviators batting - Pitching for Philadelphia 1776 BC : RHP Brian Wheeler
Batting: LHB Jorge Mojica 0-0: Ground out 4-3 (Groundball, 4)
Batting: RHB Tanyu Kimura 0-0: Ball
1-0: Swinging Strike
1-1: Foul Ball, location: 2F
1-2: Fly out, F9 (Flyball, 9M)
Batting: LHB Kenny Webster 0-0: Ball
1-0: Ball
2-0: Foul Ball, location: 2F
2-1: Fly out, F9 (Flyball, 89D)
Top of the 6th over - 0 run(s), 0 hit(s), 0 error(s), 0 left on base; Seattle 2 - Philadelphia 1776 0
BOTTOM OF THE 6TH
Philadelphia 1776 BC batting - Pitching for Seattle Aviators : RHP Eduardo Molina
Batting: RHB Dave Morris 0-0: Ball
1-0: Foul Ball, location: 2F
1-1: Ball
2-1: Ball
3-1: Ground out 6-3 (Groundball, 6M)
Batting: RHB Jesús Orozco 0-0: Ball
1-0: Ball
2-0: Called Strike
2-1: Foul Ball, location: 2F
2-2: Fly out, F8 (Flyball, 8LXD)
Batting: RHB António Granados 0-0: Ball
1-0: Foul Ball, location: 2F
1-1: Swinging Strike
1-2: Foul Ball, location: 2F
1-2: Ball
2-2: Ball
3-2: Base on Balls
Batting: LHB Héctor Torres 0-0: Ball
1-0: Ball
2-0: Foul Ball, location: 2F
2-1: Fly out, F9 (Flyball, 9LM)
Bottom of the 6th over - 0 run(s), 0 hit(s), 0 error(s), 1 left on base; Seattle 2 - Philadelphia 1776 0
TOP OF THE 7TH
Seattle Aviators batting - Pitching for Philadelphia 1776 BC : RHP Brian Wheeler
Batting: RHB Sean Davis 0-0: Called Strike
0-1: Called Strike
0-2: Ball
1-2: Ball
2-2: Ground out 4-3 (Groundball, 4D)
Batting: LHB Brad Lawrence 0-0: Called Strike
0-1: Ball
1-1: Ball
2-1: Ball
3-1: Base on Balls
Batting: RHB Vernon Caw 0-0: Ball
1-0: Foul Ball, location: 2F
1-1: Foul Ball, location: 2F
1-2: Ball
2-2: Ball
3-2: Strikes out swinging
Batting: RHB Brian Williams 0-0: Ball
1-0: Ball
2-0: Foul Ball, location: 2F
2-1: Ball
Brad Lawrence steals 2nd base
3-1: Foul Ball, location: 2F
3-2: Strikes out swinging
Top of the 7th over - 0 run(s), 0 hit(s), 0 error(s), 1 left on base; Seattle 2 - Philadelphia 1776 0
BOTTOM OF THE 7TH
Philadelphia 1776 BC batting - Pitching for Seattle Aviators : RHP Eduardo Molina
Batting: RHB Jesús Rodríguez 0-0: Ball
1-0: Called Strike
1-1: Ball
2-1: Ground out 5-3 (Groundball, 56)
Batting: LHB Phil Ritchie 0-0: SINGLE (Groundball, 56)
Batting: RHB Patrizio Vanali 0-0: Called Strike
0-1: Ball
1-1: Ball
2-1: Ball
3-1: Foul Ball, location: 2F
3-2: Base on Balls
Phil Ritchie to second
Batting: RHB Russell Jackson 0-0: Ball
1-0: Ball
2-0: Called Strike
2-1: Ball
3-1: Foul Ball, location: 2F
3-2: Base on Balls
Phil Ritchie to third
Patrizio Vanali to second
Batting: SHB Jesús Cabañe 0-0: Ball
1-0: Ball
2-0: Called Strike
2-1: GRAND SLAM HOME RUN (Flyball, 89D), Distance : 410 ft
Batting: RHB Dave Morris 0-0: Called Strike
0-1: Swinging Strike
0-2: Ball
1-2: Strikes out swinging
Batting: RHB Jesús Orozco 0-0: Called Strike
0-1: Called Strike
0-2: Ball
1-2: Fly out, F9 (Flyball, 9M)
Bottom of the 7th over - 4 run(s), 2 hit(s), 0 error(s), 0 left on base; Seattle 2 - Philadelphia 1776 4
TOP OF THE 8TH
Seattle Aviators batting - Pitching for Philadelphia 1776 BC : RHP Brian Wheeler
Batting: RHB Kenzaburo Hori 0-0: Ball
1-0: Called Strike
1-1: Ball
2-1: Fly out, F8 (Flyball, 8LM)
Batting: RHB Tynan Hawkins 0-0: Ground out 1-3 (Groundball, 13)
Batting: LHB Jorge Mojica 0-0: Fly out, F8 (Flyball, 8RXD)
Top of the 8th over - 0 run(s), 0 hit(s), 0 error(s), 0 left on base; Seattle 2 - Philadelphia 1776 4
BOTTOM OF THE 8TH
Philadelphia 1776 BC batting - Pitching for Seattle Aviators : RHP Eduardo Molina
Batting: RHB António Granados 0-0: Called Strike
0-1: SINGLE (Line Drive, 6D)
Batting: LHB Héctor Torres 0-0: Foul Ball, location: 2F
0-1: Ball
1-1: Foul Ball, location: 2F
1-2: Strikes out swinging
Batting: RHB Jesús Rodríguez 0-0: Called Strike
0-1: Foul Ball, location: 2F
0-2: Ball
1-2: SINGLE (Line Drive, 4M)
António Granados to second
Batting: LHB Phil Ritchie 0-0: Called Strike
0-1: Foul Ball, location: 2F
0-2: Strikes out swinging
Batting: RHB Patrizio Vanali 0-0: Ball
1-0: Called Strike
1-1: Ball
2-1: Called Strike
2-2: Strikes out swinging
Bottom of the 8th over - 0 run(s), 2 hit(s), 0 error(s), 2 left on base; Seattle 2 - Philadelphia 1776 4
TOP OF THE 9TH
Seattle Aviators batting - Pitching for Philadelphia 1776 BC : RHP Brian Wheeler
Pitching: LHP Woody Sullivan
Batting: RHB Tanyu Kimura 0-0: Ground out 5-3 (Groundball, 5L)
Batting: LHB Kenny Webster 0-0: Ball
1-0: Called Strike
1-1: Called Strike
1-2: Foul Ball, location: 2F
1-2: Strikes out swinging
Batting: RHB Sean Davis 0-0: Ball
1-0: Ball
2-0: Ball
3-0: Base on Balls
Pinch Hitting: RHB Clarence Fox 0-0: Reached on error, E6 (Groundball, 6M)
Sean Davis to second
Batting: RHB Vernon Caw 0-0: Called Strike
0-1: Called Strike
0-2: Foul Ball, location: 2F
0-2: Ball
1-2: Ball
2-2: Strikes out swinging
Top of the 9th over - 0 run(s), 0 hit(s), 1 error(s), 2 left on base; Seattle 2 - Philadelphia 1776 4
This league is powered by Out of the Park Baseball, the baseball management simulation game for PC, Mac and Linux
Monday, October 3rd, 2016 - OOTP Baseball 16.9 Build 39